 Dungeon Sprint DCSS version 0.30-a0-691-g754fce4c43 (webtiles) character file.

Game seed: 4963878827645001109

0 rocky1 the Cudgeller (level 1, -1/19 HPs)
             Began as a Minotaur Gladiator on Jan 19, 2023.
             Was an Initiate of Gozag.
             Slain by Sigmund
             ... wielding a +0 scythe
              (9 damage)
             ... in the Dungeon (Sprint VI: "Thunderdome").
             The game lasted 00:02:36 (133 turns).

rocky1 the Cudgeller (Minotaur Gladiator)            Turns: 133, Time: 00:02:36

Health: -1/19      AC:  3    Str: 24    XL:     1   Next: 58%
Magic:  0/9        EV: 12    Int: 11    God:    Gozag
Gold:   128        SH:  0    Dex: 11    Spells: 0/0 levels left

rFire   + . .      SeeInvis .    a - +0 flail
rCold   + . .      Faith    .    (no shield)
rNeg    + . .      Spirit   +    b - +0 leather armour
rPois   +          Reflect  .    c - +0 hat
rElec   .          Harm     .    (no cloak)
rCorr   .          Rampage  .    (no gloves)
Will    .....      NoTele   +    (no boots)
Stlth   +                        s - amulet "Uloaku" {Spirit rPois rN+ Will- Int+3}
HPRegen 0.23/turn                q - ring "Kosched" {rF+ MP+9}
MPRegen 0.11/turn                r - ring of Broken Luck {rC+ Str+6 Int+3}

@: gold aura
A: horns 2, retaliatory headbutt
a: Renounce Religion, Potion Petition, Call Merchant, Bribe Branch


You were in the Dungeon.
You worshipped Gozag.
Gozag was aware of your devotion.
You visited 1 branch You collected 353 gold pieces.
You spent 225 gold pieces at shops.

Inventory:

Hand Weapons
 a - a +0 flail (weapon)
Missiles
 d - 3 throwing nets (quivered)
 e - a javelin
Armour
 b - a +0 leather armour (worn)
 c - a +0 hat (worn)
Jewellery
 p - the amulet of the Philosopher {Faith Str+6}
   (You bought it in a shop in the Dungeon)

   [amulet of faith]

   It allows you to gain divine favour quickly.
   Str:       It affects your strength (+6).
 q - the ring "Kosched" (left hand) {rF+ MP+9}
   (You bought it in a shop in the Dungeon)

   [ring of magical power]

   rF:        It protects you from fire.
   MP:        It affects your magic capacity (+9).
 r - the ring of Broken Luck (right hand) {rC+ Str+6 Int+3}
   (You bought it in a shop in the Dungeon)

   [ring of strength]

   Str:       It affects your strength (+6).
   Int:       It affects your intelligence (+3).
   rC:        It protects you from cold.
 s - the amulet "Uloaku" (around neck) {Spirit rPois rN+ Will- Int+3}
   (You bought it in a shop in the Dungeon)

   [amulet of guardian spirit]

   It causes incoming damage to be divided between your reserves of health and
   magic.
   Int:       It affects your intelligence (+3).
   rPois:     It protects you from poison.
   rN:        It protects you from negative energy.
   Will:      It decreases your willpower.
 t - the amulet of Vefithaz {Faith *Slow rN++}
   (You bought it in a shop in the Dungeon)

   [amulet of faith]

   It allows you to gain divine favour quickly.
   rN:        It greatly protects you from negative energy.
   *Slow:     It may slow you when you take damage.
Wands
 m - a wand of quicksilver (5)
 n - a wand of iceblast (5)
Scrolls
 k - 4 scrolls of blinking
 o - 3 scrolls of fog
Potions
 f - a potion of curing
 g - 4 potions of heal wounds
 h - 4 potions of haste
 i - 2 potions of magic
 j - a potion of berserk rage
 l - a potion of resistance


   Skills:
 + Level 3.0 Fighting
 * Level 4.4 Maces & Flails
 - Level 2.0 Throwing
 + Level 1.4 Armour
 + Level 3.7 Dodging


You couldn't memorise any spells.
You didn't know any spells.
Your spell library was empty.

Dungeon Overview and Level Annotations

Branches:
Dungeon (1/1)

Altars:
Cheibriados
Dithmenos
Fedhas
Gozag
Kikubaaqudgha
Makhleb
Okawaru
Qazlal
Ru
Sif Muna
Trog
Uskayaw
Vehumet
Wu Jian
Xom
Yredelemnul
Zin
The Shining One
Lugonu

Shops:
D *[??*?*:[((!!

Annotations:
D Sigmund


Innate Abilities, Weirdness & Mutations

You have a pair of horns on your head.
You reflexively headbutt those who attack you in melee.


Message History

Thank you for shopping at Cyhukuz's Jewellery!
You start putting on your amulet.
You continue putting on the amulet "Uloaku" {Spirit rPois rN+ Will- Int+3}. x5
You finish putting on the amulet "Uloaku" {Spirit rPois rN+ Will- Int+3}.
You feel your power drawn to a protective spirit.
You feel clever.
s - the amulet "Uloaku" (around neck) {Spirit rPois rN+ Will- Int+3} Unknown command.
A goblin comes into view. It is wielding a +0 club.
The goblin shouts!
You sock the goblin!
You kill the goblin!
Your Maces & Flails skill increases to level 4!
Your Armour skill increases to level 1!
No target in view!
You now have 74 gold pieces (gained 45).
You see here a +0 club.
A dart slug comes into view.
The dart slug moves out of view. 50...
Sigmund the Dreaded comes into view.
He is wielding a +0 scythe.
Sigmund shouts!
Sigmund gestures wildly while chanting.
Sigmund flickers and vanishes!
Deactivating autopickup; reactivate with Ctrl-A.
You hit the dart slug. You headbutt the dart slug.
The dart slug is severely wounded.
The dart slug closely misses you.
You sock the dart slug!
You kill the dart slug!
Your Fighting skill increases to level 3!
No target in view!
You see here 54 gold pieces.
You now have 128 gold pieces (gained 54).
A puff of flame appears from out of thin air!
The puff of flame hits you. You resist. Something hits you! Something hits you!
You die...
Your body crumbles into a pile of gold.

#........_# ###.........###
#⌠...........⌠#
######.8.........8.#####
##.___......###......___∩
###∩........8.# #.8........
##.............###..........
#⌠..........###..{###.......
#⌠..........# #.@.# .......
#⌠......)...###...###.......
##.............###..........
###∩........8.# #.8........
##∩__.......###.......__∩
######.8.........8.#####
#⌠...........⌠#
###.........### #_........#


There were no monsters in sight!

Vanquished Creatures
  A dart slug (D)
  A goblin (D)
  A frilled lizard (D)
3 creatures vanquished.

Notes
Turn   | Place    | Note
-------+----------+-------------------------------------------
     0 | D        | rocky1 the Minotaur Gladiator began the quest for the Orb.
     0 | D        | Reached XP level 1. HP: 18/18 MP: 0/0
     3 | D        | Found a shimmering blue altar of Sif Muna.
     3 | D        | Found a glowing silver altar of Zin.
     4 | D        | Found a burning altar of Makhleb.
     4 | D        | Found an ornate altar of the Wu Jian Council.
     5 | D        | Found a hide-covered altar of Uskayaw.
     5 | D        | Found a glowing golden altar of the Shining One.
     5 | D        | Round 1.
     6 | D        | Found Cexoaqet's Distillery.
     6 | D        | Found an iron altar of Okawaru.
     6 | D        | Found Noal's Do-It-Yourself Clinic.
     7 | D        | Found a bloodstained altar of Trog.
     8 | D        | Found an ancient bone altar of Kikubaaqudgha.
     8 | D        | Found a sacrificial altar of Ru.
     8 | D        | Found Feasuyth's Staff Store.
     8 | D        | Found Tuuv Yqa's Magic Scroll Shop.
     9 | D        | Found Quqefev's Must-Have Magic.
     9 | D        | Found Yced's Magic Scroll Shop.
    13 | D        | Found a snail-covered altar of Cheibriados.
    14 | D        | Found a radiant altar of Vehumet.
    16 | D        | Found Cyhukuz's Jewellery.
    16 | D        | Found Solod's Advanced Armour.
    16 | D        | Found an opulent altar of Gozag.
    16 | D        | Found a corrupted altar of Lugonu.
    16 | D        | Found Syejat's Identification Station.
    20 | D        | Found a basalt altar of Yredelemnul.
    24 | D        | Became a worshipper of Gozag Ym Sagoz the Greedy
    29 | D        | Found a shadowy altar of Dithmenos.
    29 | D        | Found a shimmering altar of Xom.
    41 | D        | Found Ceegurygh's Premium Goods.
    43 | D        | Found Damufeth's Miscellaneous Merchandise.
    43 | D        | Found Liokk's Basic Armour.
    44 | D        | Found a blossoming altar of Fedhas.
    44 | D        | Found a stormy altar of Qazlal.
    44 | D        | Found Gistungomus's Weapon Rack.
    84 | D        | Bought a coiled amethyst amulet for 45 gold pieces
    84 | D        | Identified the amulet of the Philosopher {Faith Str+6} (You
                  | bought it in a shop in the Dungeon)
    84 | D        | Bought a sparkling glass ring for 45 gold pieces
    84 | D        | Identified the ring "Kosched" {rF+ MP+9} (You bought it in
                  | a shop in the Dungeon)
    84 | D        | Bought a slimy ivory ring for 45 gold pieces
    84 | D        | Identified the ring of Broken Luck {rC+ Str+6 Int+3} (You
                  | bought it in a shop in the Dungeon)
    86 | D        | Bought a glittering jade amulet for 45 gold pieces
    86 | D        | Identified the amulet "Uloaku" {Spirit rPois rN+ Will-
                  | Int+3} (You bought it in a shop in the Dungeon)
    86 | D        | Bought a pitted ivory amulet for 45 gold pieces
    86 | D        | Identified the amulet of Vefithaz {Faith *Slow rN++} (You
                  | bought it in a shop in the Dungeon)
   109 | D        | Reached skill level 4 in Maces & Flails
   109 | D        | Reached skill level 1 in Armour
   127 | D        | Noticed Sigmund
   133 | D        | Slain by Sigmund

Illustrated notes

Levels and vault maps discovered:
D:        arena_sprint

Skill      XL: |  1 |
---------------+----+-----
Maces & Flails | 4 |  4.4
Armour         | 1 |  1.4
Fighting       | 3 |  3.0
Throwing       | |  2.0
Dodging        | |  3.7

Action                   || total
-------------------------++-------
Melee: Flail             ||     3
       Headbutt          ||     1
Armor: Leather armour    ||     2
Dodge: Dodged            ||     3

Table legend: (Time is in decaauts)
 A = Elapsed time spent in this place.
 B = Non-inter-level travel time spent in this place.
 C = Inter-level travel time spent in this place.
 D = Time resting spent in this place.
 E = Time spent auto-exploring this place.
 F = Levels seen in this place.
 G = Mean time per level.
                   A        B        C        D        E       F      G
               +--------+--------+--------+--------+--------+-----+--------+
         Total |    132 |    132 |      0 |      0 |     33 |   1 |  132.0 |
       Dungeon |    132 |    132 |      0 |      0 |     33 |   1 |  132.0 |
               +--------+--------+--------+--------+--------+-----+--------+

Top non-repeatable levels by time:
       D: 132 daAuts
